 Dungeon Crawl Stone Soup version 0.30.1-11-g7821555f0a (webtiles) character file.

Game seed: 13569162138103775002

1742581 Hi5aMiFi the Conqueror (level 27, 273/273 HPs)
             Began as a Minotaur Berserker on Dec 23, 2023.
             Was the Champion of Trog.
             Escaped with the Orb
             ... and 3 runes on Dec 29, 2023!
             The game lasted 08:18:46 (65762 turns).

Hi5aMiFi the Conqueror (Minotaur Berserker)        Turns: 65762, Time: 08:18:46

Health: 273/273    AC: 51    Str: 35    XL:     27
Magic:  22/22      EV: 21    Int:  8    God:    Trog [******]
Gold:   2736       SH: 36    Dex: 19    Spells: 26/26 levels left

rFire   + + .        m - +9 demon whip (heavy)
rCold   + . .        G - +10 tower shield of Ignorance {rN+ Int-4}
rNeg    + . .        X - +6 gold dragon scales
rPois   +            h - +1 hat of Zin's Generosity {rElec Will+ Int+4}
rElec   +            t - +4 dragonskin cloak
rCorr   +            c - +3 pair of gauntlets of War {Slay+5}
SInv    +            C - +2 pair of boots
Will    +++++        j - amulet "Dionn" {RegenMP rPois Will++ Regen+ Slay+3} Stlth
                     N - ring of Xom's Full Attention {rElec rPois rC+ rCorr Dex+6}
HPRegen 1.45/turn    M - ring "Cufiv" {rPois rF+ rC- Str+6 SInv}
MPRegen 0.58/turn

%: no passive effects
@: hasted, studying Stealth, very quick
A: horns 2, retaliatory headbutt, iridescent scales 1, screaming 1, sturdy frame
1
0: Orb of Zot
}: 3/15 runes: decaying, slimy, gossamer
a: Renounce Religion, Berserk, Trog's Hand, Brothers in Arms


You escaped.
You worshipped Trog.
Trog was exalted by your worship.
You visited 11 branches of the dungeon, and saw 54 of its levels.
You also visited: Bailey, Gauntlet, Ice Cave, Wizlab and Desolation.

You collected 8049 gold pieces.
You spent 5313 gold pieces at shops.

Inventory:

Hand Weapons
 m - a +9 heavy demon whip (weapon)
 O - a +9 antimagic morningstar
Missiles
 d - 8 boomerangs
 q - 7 silver javelins
 D - 4 curare-tipped darts
 L - a throwing net
 W - 5 silver boomerangs
 Z - 12 javelins (quivered)
Armour
 c - the +3 pair of gauntlets of War (worn) {Slay+5}
   (You found it on level 5 of the Pits of Slime)

   Slay:      It affects your accuracy & damage with ranged weapons and melee
   (+5).
 h - the +1 hat of Zin's Generosity (worn) {rElec Will+ Int+4}
   (You found it on level 3 of the Elven Halls)

   Int:       It affects your intelligence (+4).
   rElec:     It insulates you from electricity.
   Will:      It increases your willpower.
 t - the +4 dragonskin cloak (worn)
   (You took it off Tiamat on level 3 of the Realm of Zot)

   Avatar's Aegis: It grants the wearer a chance to resist fire, cold, poison,
   electricity, acid, and negative energy.
 C - a +2 pair of boots (worn)
 G - the +10 tower shield of Ignorance (worn) {rN+ Int-4}
   (You found it in the Desolation of Salt)

   Int:       It affects your intelligence (-4).
   rN:        It protects you from negative energy.
 X - +6 gold dragon scales (worn)
Jewellery
 b - the ring "Atuijupt" {Fly Str+3}
   (You bought it in a shop on level 3 of the Depths)

   [ring of flight]

   Str:       It affects your strength (+3).
   Fly:       It grants you flight.
 g - the ring "Miorghatsu" {rC+ Int+6 Dex+3}
   (You found it on level 5 of the Pits of Slime)

   [ring of intelligence]

   Int:       It affects your intelligence (+6).
   Dex:       It affects your dexterity (+3).
   rC:        It protects you from cold.
 j - the amulet "Dionn" (around neck) {RegenMP rPois Will++ Regen+ Slay+3}
   (You took it off a minotaur in a Gauntlet)

   [amulet of magic regeneration]

   It increases your rate of magic regeneration.
   Slay:      It affects your accuracy & damage with ranged weapons and melee
   (+3).
   rPois:     It protects you from poison.
   Regen:     It increases your rate of health regeneration.
   Will:      It greatly increases your willpower.
 y - the ring "Tebyimeg" {+Blink rF+ rN+ Dex+3}
   (You took it off an ancient champion on level 3 of the Crypt)

   [ring of positive energy]

   Dex:       It affects your dexterity (+3).
   rF:        It protects you from fire.
   rN:        It protects you from negative energy.
   +Blink:    It lets you blink.
 E - the ring "Ohapn" {rN+ Int+6}
   (You found it on level 2 of the Swamp)

   [ring of intelligence]

   Int:       It affects your intelligence (+6).
   rN:        It protects you from negative energy.
 M - the ring "Cufiv" (right hand) {rPois rF+ rC- Str+6 SInv}
   (You found it on level 3 of the Vaults)

   [ring of see invisible]

   Str:       It affects your strength (+6).
   rF:        It protects you from fire.
   rC:        It makes you vulnerable to cold.
   rPois:     It protects you from poison.
   SInv:      It lets you see invisible.
 N - the ring of Xom's Full Attention (left hand) {rElec rPois rC+ rCorr Dex+6}
   (You found it on level 3 of the Elven Halls)

   [ring of dexterity]

   Dex:       It affects your dexterity (+6).
   rC:        It protects you from cold.
   rElec:     It insulates you from electricity.
   rPois:     It protects you from poison.
   rCorr:     It protects you from acid and corrosion.
 T - the ring of Gosol {+Blink rF+ AC+4 Str+7 Int-4}
   (You found it on level 8 of the Dungeon)

   [ring of protection]

   AC:        It affects your AC (+4).
   Str:       It affects your strength (+7).
   Int:       It affects your intelligence (-4).
   rF:        It protects you from fire.
   +Blink:    It lets you blink.
 U - the ring "Lilisais" {Fire Int+4 Slay+3}
   (You found it in a wizard's laboratory)

   [ring of fire]

   It enhances your fire magic.
   Int:       It affects your intelligence (+4).
   Slay:      It affects your accuracy & damage with ranged weapons and melee
   (+3).
   rF:        It protects you from fire.
   rC:        It makes you vulnerable to cold.
Wands
 a - a wand of roots (44)
 i - a wand of digging (17)
 B - a wand of quicksilver (44)
 F - a wand of charming (55)
Scrolls
 f - 6 scrolls of summoning
 k - 8 scrolls of fog
 n - 9 scrolls of fear
 s - 6 scrolls of blinking
 w - 11 scrolls of vulnerability
 z - 3 scrolls of silence
 R - 9 scrolls of poison
 S - 10 scrolls of immolation
 Y - 21 scrolls of teleportation
Potions
 e - 14 potions of heal wounds
 l - 12 potions of mutation
 o - 6 potions of ambrosia
 p - 6 potions of invisibility
 u - 8 potions of lignification
 v - 19 potions of curing
 x - 3 potions of attraction
 A - 7 potions of might
 J - 7 potions of resistance
 K - 6 potions of cancellation
 Q - 6 potions of haste
Miscellaneous
 H - a box of beasts
 I - a lightning rod (4/4)
 P - a condenser vane
 V - a phantom mirror


   Skills:
 O Level 27 Fighting
 - Level 16.0 Maces & Flails
 - Level 18.6 Throwing
 O Level 27 Armour
 - Level 21.1 Dodging
 O Level 27 Shields
 + Level 17.1 Evocations


You had 26 spell levels left.
You didn't know any spells.
Your spell library was empty.

Dungeon Overview and Level Annotations

Branches:
Dungeon (15/15)            Temple (0/1) D:6            Lair (5/5) D:8
  Swamp (4/4) Lair:2       Spider (4/4) Lair:3        Slime (5/5) Lair:4
    Orc (2/2) D:12            Elf (3/3) Orc:2        Vaults (4/5) D:13
  Crypt (3/3) Vaults:2       Tomb (0/3) Crypt:3      Depths (4/4) D:15
    Zot (5/5) Depths:4     Bailey (visited)           IceCv (visited)
 WizLab (visited)         Desolation (visited)      Gauntlet (visited)

Altars:
Ashenzari
Cheibriados
Dithmenos
Hepliaklqana
Kikubaaqudgha
Nemelex Xobeh
Okawaru
Qazlal
Ru
Sif Muna
Yredelemnul
Zin
The Shining One
Jiyva
Lugonu

Shops:
D:7 *   D:14 :   Orc:2 :*!?   Elf:1 (   Elf:2 !:[*!   Elf:3 *   Vaults:3 (
Depths:3 ==:

Portals:
Hell: Depths:1 Depths:2 Depths:3 Depths:4
Abyss: D:12 Lair:5 Depths:1 Depths:3
Pandemonium: Depths:2 Depths:4
Ziggurat: Depths:2
Trove: Depths:3 (give +4 storm dragon scales)

Annotations:
D:12 2 transporters, porpoise's ghost, journeyman DsGl
Crypt:1 1 transporter


Innate Abilities, Weirdness & Mutations

You have a pair of horns on your head.
You reflexively headbutt those who attack you in melee.
You are partially covered in iridescent scales. (AC +2)
You occasionally shout uncontrollably at your foes.
Your movements are slightly less encumbered by armour. (ER -2)


Message History

You barely miss the Orb Guardian. You block the Orb Guardian's attack.
You punish the Orb Guardian, causing immense pain!!!
The Orb Guardian is severely wounded.
You block the Orb Guardian's attack.
You punish the Orb Guardian, causing immense pain!!!!
You kill the Orb Guardian!
Trog accepts your kill.
No target in view!
You hear a grinding noise.
A cacodemon comes into view.
The cacodemon shouts!
The cacodemon moves out of view.
Blink to where?
Press: ? - help, Dir - move target
As you read the scroll of blinking, it crumbles to dust.
You climb upwards.
There is a stone staircase leading down here.
Unknown command.
Unknown command.
There is an escape hatch in the ceiling here.
A mysterious force pulls you upwards. The hatch slams shut behind you.
Aiming: Dig
Press: ? - help, Shift-Dir - straight line A rock wall.
This square is covered in magical glow.
The rock shatters into small pieces.
Aiming: Dig
Press: ? - help, Shift-Dir - straight line A rock wall.
This square is covered in magical glow.
The rock shatters into small pieces.
Unknown command.
Unknown command.
Blink to where?
Press: ? - help, Dir - move target
As you read the scroll of blinking, it crumbles to dust.
Blink to where?
Press: ? - help, Dir - move target
As you read the scroll of blinking, it crumbles to dust.
You have escaped!

)# #.##.##.# .#
############.##.##.# ##
#............##.##.#
#.#########..####..#
##.#### #.####.#.##
##...### ###...##..#
###...###...###...##
##.......##......# #####
###.@.###.#####.# ....#
##.......### #.#
###.########...#ยง#...###
#.# #.....##...##.####...##
#.#
#####.#.####.##..####.###.#
#######..##.......).#
##)...#
......######.####.#.#
###### #####.# #.# #.#.#
#.####.## #.#.#


There were no monsters in sight!

Vanquished Creatures
  the Royal Jelly (Slime:5)
  5 dread liches
  Khufu (Crypt:3)
  Tiamat (Zot:3)
  2 ancient liches (Zot:5)
  An orb of fire (Zot:5)
  Mennas (Depths:3)
  A juggernaut (Depths:1)
  A royal mummy (Crypt:3)
  9 Killer Klowns
  Saint Roka (Depths:1)
  Sojobo (Crypt:3)
  Bai Suzhen (Spider:4)
  The ghost of jlumianski the Warrior, a veteran KoBe of Trog (Vaults:4)
  A caustic shrike (Depths:2)
  3 curse toes
  7 golden dragons
  The ghost of kelmen2 the Hoplite, an adept MiBe of Trog (Elf:3)
  Nikola (Depths:1)
  the Enchantress (Depths:1)
  A profane servitor (Crypt:3)
  3 electric golems
  A walking crystal tome (Depths:1)
  14 tentacled monstrosities
  Jorgrun (D:14)
  Mlioglotl (Swamp:4)
  2 quicksilver dragons
  29 Orb Guardians
  8 liches
  4 deep elf blademasters (Elf:3)
  2 walking earthen tomes
  4 deep elf master archers (Elf:3)
  19 acid blobs
  2 walking divine tomes
  5 death cobs
  2 sphinxes (Vaults:3)
  12 ancient champions
  4 draconian monks
  Kirke (Swamp:2)
  5 tengu reavers
  7 shadow dragons
  10 rockslimes
  A thorn hunter (Swamp:4)
  13 storm dragons
  10 azure jellies
  10 draconian knights
  A fenstrider witch (Swamp:1)
  8 fire giants
  2 revenants (Crypt:3)
  6 frost giants
  8 deep elf sorcerers
  7 ghost moths
  6 draconian scorchers
  4 imperial myrmidons (Desolation)
  Louise (D:15)
  A balrug (Depths:1)
  Aizul (Elf:3)
  An iron dragon (Depths:1)
  12 vault wardens
  2 emperor scorpions
  6 spriggan defenders
  3 orc warlords
  4 curse skulls
  2 draconian stormcallers
  13 ghouls
  3 deep elf elementalists
  24 ironbound preservers
  9 war gargoyles
  3 draconian annihilators
  7 draconian shifters
  A reaper (Crypt:2)
  14 very ugly things
  The ghost of Jiecrehi the Severer, a journeyman DDFi of Makhleb (D:15)
  12 vampire knights
  A demonspawn blood saint (Depths:1)
  15 quicksilver oozes
  16 green draconians
  2 eleionomae (Swamp:4)
  7 black draconians
  A broodmother (Spider:3)
  5 deep elf demonologists
  11 ironbound thunderhulks
  11 purple draconians
  11 white draconians
  17 yellow draconians
  7 deep elf annihilators (Elf:3)
  3 bunyips
  5 stone giants
  6 red draconians
  10 dire elephants
  5 spark wasps
  2 halazid warlocks (Desolation)
  The ghost of comborobin the Peltast, a journeyman GrDe of Cheibriados (Orc:1)
  4 eidola
  A green death (Depths:4)
  10 crystal guardians
  5 deep elf death magi
  A blizzard demon (Zot:3)
  9 ettins
  2 mummy priests
  9 yaktaur captains
  7 entropy weavers
  An acid blob zombie (Crypt:2)
  15 jiangshi
  12 fire dragons
  10 great orbs of eyes
  2 shambling mangroves
  8 ragged hierophants
  5 ice dragons
  5 rakshasas
  Fannar (D:10)
  3 deep elf high priests
  2 salamander tyrants (WizLab)
  20 hydras
  3 servants of whispers (Desolation)
  3 radroaches
  5 spriggan air magi
  2 ghost crabs
  6 vault guards
  A fenstrider witch zombie (Crypt:2)
  A jorogumo (Spider:2)
  26 peacekeepers
  An ogre mage (Vaults:2)
  7 ironbound frosthearts
  The ghost of leoleoleoleo212121 the Thaumaturge, a journeyman DjIE of Nemelex Xobeh (D:9)
  23 centaur warriors
  A boulder beetle (Vaults:3)
  8 alligators
  Erica (D:10)
  18 vampire magi
  7 death knights
  5 deep troll shamans
  6 death yaks (Lair:4)
  7 tengu warriors
  8 two-headed ogres
  4 orc high priests
  24 dancing weapons
  The ghost of Tang the Slicer, a journeyman VSBr of Uskayaw (Lair:1)
  10 deep troll earth magi
  2 thrashing horrors (Lair:5)
  14 deep elf knights
  7 spriggan berserkers
  2 hell knights (Vaults:3)
  4 soul eaters
  A skyshark (Lair:5)
  A titan skeleton (Crypt:2)
  2 iron trolls (Depths:3)
  6 pharaoh ants
  A quicksilver dragon simulacrum (Crypt:2)
  A sun moth (Spider:3)
  4 goliath frogs
  2 shadow wraiths (Crypt:2)
  An iron giant zombie (Crypt:2)
  61 deep trolls
  An iron troll (shapeshifter) (Depths:4)
  39 skeletal warriors
  6 flayed ghosts
  4 bog bodies
  15 swamp dragons
  4 shadow demons
  6 spriggan druids
  A golden dragon skeleton (Crypt:3)
  A sea snake (shapeshifter) (Depths:3)
  5 glowing orange brains
  13 orb spiders
  22 ironbound convokers
  Pikel (D:4)
  4 lindwurms
  9 orc knights
  7 wizards
  26 deep elf pyromancers
  9 deep elf archers
  3 harpies (Vaults:1)
  11 phantasmal warriors
  6 steelbarb worms
  19 deep elf zephyrmancers
  7 necromancers
  3 will-o-the-wisps (Swamp:3)
  6 cyclopes
  6 orc sorcerers
  3 manticores
  A manticore (shapeshifter) (Depths:1)
  23 wolf spiders
  6 shining eyes
  4 salamanders (WizLab)
  27 moths of wrath
  A wolf spider (shapeshifter) (D:15)
  4 ice statues
  A sphinx skeleton (Crypt:2)
  42 ugly things
  2 eyes of devastation
  5 elephants
  A guardian serpent (Desolation)
  A dire elephant zombie (Crypt:3)
  12 vault sentinels
  7 black mambas
  3 demonic crawlers
  3 smoke demons
  3 molten gargoyles (WizLab)
  10 gargoyles
  An alligator snapping turtle zombie (Crypt:3)
  2 torpor snails (Spider:3)
  2 kobold demonologists (Elf:3)
  A storm dragon simulacrum (Crypt:2)
  Psyche (D:11)
  2 dire elephant skeletons
  14 cane toads
  2 unseen horrors
  7 freezing wraiths
  An efreet (D:14)
  6 komodo dragons
  22 yaktaurs
  An anaconda simulacrum (Crypt:3)
  An ancient zyme (Lair:5)
  A catoblepas skeleton (Crypt:2)
  An alligator snapping turtle skeleton (Crypt:2)
  4 rime drakes
  A sea snake skeleton (Crypt:1)
  2 tengu conjurers
  3 guardian mummies (Crypt:3)
  A bloated husk (Swamp:1)
  A merfolk (shapeshifter) (Vaults:1)
  4 trolls
  19 hornets
  A tyrant leech (shapeshifter) (Depths:4)
  A wind drake (shapeshifter) (Elf:3)
  2 harpy zombies (Crypt:3)
  4 polar bears
  26 tarantellas
  13 blink frogs
  2 harpy skeletons (Crypt:3)
  7 tyrant leeches
  A death drake skeleton (Crypt:3)
  52 saltlings
  An ettin zombie (Crypt:1)
  22 jumping spiders
  A black mamba zombie (Crypt:3)
  132 slime creatures
  9 shadows
  An air elemental (Elf:2)
  6 water elementals
  A wind drake zombie (Crypt:3)
  5 flying skulls
  20 culicivoras
  2 centaur simulacra
  3 hogs (Swamp:2)
  3 wyverns
  A guardian serpent skeleton (Crypt:3)
  10 wraiths
  A dire elephant simulacrum (Crypt:2)
  An alligator skeleton (Crypt:1)
  An ettin skeleton (Crypt:2)
  22 spriggans
  A ynoxinul (Lair:5)
  4 basilisks
  Eustachio (D:4)
  6 fire elementals
  A hog (shapeshifter) (Lair:5)
  33 yaks
  3 vampires (Crypt:3)
  56 redbacks
  A black mamba skeleton (Crypt:3)
  3 chaos spawn
  7 golden eyes
  2 neqoxecs (Depths:4)
  2 steam dragons
  A merfolk zombie (Crypt:1)
  4 wargs
  15 vampire mosquitoes
  Edmund (D:4)
  23 swamp worms
  2 acid dragons (D:13)
  2 large abominations (Lair:5)
  7 water moccasins
  2 floating eyes (Depths:4)
  39 orc warriors
  9 swamp drakes
  A black bear (D:6)
  2 sky beasts (D:7)
  6 ice beasts
  5 boggarts
  6 great orb of eyes simulacra (IceCv)
  A cane toad skeleton (Crypt:1)
  A dream sheep skeleton (Crypt:1)
  8 ogres
  3 wolves (D:8)
  10 centaurs
  An elephant skeleton (Crypt:3)
  A blink frog skeleton (Crypt:2)
  A rime drake zombie (Crypt:2)
  3 lemures (D:4)
  2 slime creature simulacra (IceCv)
  3 kobold brigands
  2 phantoms
  Blork the orc (D:4)
  A hog skeleton (Crypt:3)
  6 bullfrogs
  6 necrophages
  2 gnoll sergeants
  2 glowing shapeshifter simulacra (IceCv)
  2 scorpions
  5 earth elementals
  A two-headed ogre simulacrum (D:13)
  A cyclops skeleton (Crypt:3)
  11 wights
  8 small abominations (Lair:5)
  2 spriggan zombies
  5 killer bees (D:7)
  10 howler monkeys
  An electric eel (Spider:4)
  6 jellies
  5 hounds
  27 orc priests
  Crazy Yiuf (D:6)
  A gnoll bouda (D:3)
  Ijyb (D:3)
  2 iguanas
  34 orc wizards
  A spriggan simulacrum (D:13)
  2 lightning spires (WizLab)
  A polar bear simulacrum (D:13)
  2 troll simulacra (D:13)
  A shapeshifter simulacrum (IceCv)
  A wolf simulacrum (D:13)
  A boggart skeleton (Crypt:3)
  2 naga skeletons
  A hound skeleton (Crypt:2)
  8 mummies (Crypt:3)
  Robin (D:3)
  23 gnolls
  2 naga simulacra (D:13)
  8 adders
  4 white imps
  An ufetubus (D:4)
  An adder skeleton (Crypt:3)
  A lava snake skeleton (Crypt:1)
  A worm (D:4)
  A dart slug (D:3)
  112 orcs
  7 endoplasms
  10 goblins
  19 hobgoblins
  17 jackals (D:3)
  2 quokkas
  7 ball pythons
  A ball python skeleton (Crypt:1)
  5 bats
  7 frilled lizards
  17 kobolds
  4 rats
2467 creatures vanquished.

Vanquished Creatures (collateral kills)
  2 orbs of fire
  Margery (Vaults:3)
  Arachne (Spider:3)
  A quicksilver dragon (Zot:5)
  Frances (D:13)
  A vault warden (Vaults:1)
  A ghost moth (Spider:4)
  A draconian scorcher (Zot:5)
  A draconian shifter (Zot:5)
  A draconian annihilator (Zot:5)
  A broodmother (Spider:4)
  A very ugly thing (Depths:3)
  A green draconian (Zot:5)
  2 black draconians
  A spark wasp (Spider:4)
  2 yellow draconians
  A minotaur (Gauntlet)
  A fire dragon (Depths:4)
  A ragged hierophant (Desolation)
  A vault guard (Vaults:1)
  A peacekeeper (Desolation)
  A tengu warrior (Depths:4)
  A spriggan berserker (Depths:4)
  2 hell knights (Vaults:3)
  3 spriggans (Depths:4)
  2 orb spiders (Spider:1)
  An ironbound convoker (Desolation)
  3 wolf spiders
  An ugly thing (Depths:3)
  4 moths of wrath
  4 hornets
  3 tarantellas (Spider:1)
  5 saltlings (Desolation)
  3 jumping spiders (Spider:1)
  A culicivora (Spider:4)
  2 centaur simulacra (Gauntlet)
  5 redbacks
  A warg (Depths:1)
  An orc warrior (Depths:1)
  A hornet simulacrum (Gauntlet)
  An orc wizard (Depths:1)
  An orc (Depths:1)
70 creatures vanquished.

Vanquished Creatures (others)
  A draconian monk (Zot:5)
  A draconian knight (Zot:5)
  A spark wasp (Spider:4)
  A wizard (Vaults:4)
  A lindwurm (Vaults:1)
  A wolf spider (Spider:4)
  A hornet (Spider:4)
  A warg (Depths:1)
  2 orc warriors
  A boggart (Elf:3)
  2 orcs (Depths:1)
  12 foxfires (Swamp:3)
25 creatures vanquished.

Grand Total: 2562 creatures vanquished

Notes
Turn   | Place    | Note
-------+----------+-------------------------------------------
     0 | D:1      | Hi5aMiFi the Minotaur Berserker began the quest for the
                  | Orb.
     0 | D:1      | Reached XP level 1. HP: 19/19 MP: 0/0
   406 | D:1      | Reached XP level 2. HP: 26/27 MP: 1/1
  1258 | D:2      | Reached ** piety under Trog
  1472 | D:2      | Reached XP level 3. HP: 31/35 MP: 2/2
  1711 | D:2      | Reached skill level 5 in Fighting
  2300 | D:3      | Found an iron altar of Okawaru.
  2309 | D:3      | Reached skill level 1 in Throwing
  2309 | D:3      | Reached XP level 4. HP: 42/42 MP: 3/3
  2348 | D:3      | Found a glowing silver altar of Zin.
  2620 | D:3      | Noticed Ijyb
  2623 | D:3      | Killed Ijyb
  2667 | D:3      | Noticed Robin
  2975 | D:3      | Killed Robin
  2976 | D:3      | Reached XP level 5. HP: 44/48 MP: 4/4
  3533 | D:4      | Reached skill level 1 in Evocations
  3679 | D:4      | Noticed a phantom
  3699 | D:4      | Noticed Edmund
  3747 | D:4      | Killed Edmund
  3748 | D:4      | Reached skill level 5 in Armour
  3748 | D:4      | Reached XP level 6. HP: 57/57 MP: 5/5
  3926 | D:4      | Noticed Eustachio
  3940 | D:4      | Killed Eustachio
  3941 | D:4      | Reached XP level 7. HP: 64/64 MP: 6/6
  4169 | D:4      | Noticed Blork the orc
  4175 | D:4      | Killed Blork the orc
  4176 | D:4      | Reached skill level 5 in Maces & Flails
  4291 | D:4      | Noticed Pikel
  4311 | D:4      | Killed Pikel
  4312 | D:4      | Reached XP level 8. HP: 58/73 MP: 7/7
  4457 | D:5      | Entered Level 5 of the Dungeon
  4560 | D:5      | Found an ancient bone altar of Kikubaaqudgha.
  5127 | D:5      | Reached *** piety under Trog
  5912 | D:3      | Reached XP level 9. HP: 81/81 MP: 8/8
  6438 | D:3      | Reached **** piety under Trog
  7124 | D:6      | Found a runed translucent door.
  7125 | D:6      | Noticed Crazy Yiuf
  7210 | D:6      | Reached skill level 10 in Armour
  7529 | D:6      | Found a broken altar of Ashenzari.
  7680 | D:6      | Found the +6 shillelagh "Devastator" {shatter}
  7936 | D:6      | Reached skill level 1 in Shields
  8121 | D:6      | Noticed a gargoyle
  8123 | D:6      | Killed a gargoyle
  8205 | D:6      | Found a staircase to the Ecumenical Temple.
  8476 | D:7      | Reached XP level 10. HP: 91/91 MP: 9/9
  8685 | D:7      | Reached ***** piety under Trog
  8852 | D:7      | Found Qoischugur's Assorted Antiques.
  9088 | D:7      | Bought a lumpy filigree amulet for 125 gold pieces
  9093 | D:7      | Bought a scroll labelled JERGHIG GOCRISS for 25 gold pieces
  9093 | D:7      | Bought a scroll labelled ERAHUADGHIPTE for 25 gold pieces
  9093 | D:7      | Bought a scroll labelled TANOAC FOLIEKKU for 25 gold pieces
  9093 | D:7      | Bought a scroll of identify for 50 gold pieces
  9093 | D:7      | Bought a metallic emerald potion for 22 gold pieces
  9145 | D:8      | Reached skill level 5 in Shields
  9256 | D:8      | Reached skill level 10 in Fighting
  9257 | D:8      | Reached skill level 10 in Maces & Flails
  9271 | D:8      | Found a staircase to the Lair.
  9272 | D:8      | Identified the ring of Gosol {+Blink rF+ AC+4 Str+7 Int-4}
  9398 | D:8      | Identified the staff of fire "Jefunal" {rF+ rC+ Will+}
  9438 | D:8      | Received a gift from Trog
  9758 | D:8      | Found a shimmering blue altar of Sif Muna.
  9804 | D:8      | Found a hazy altar of Hepliaklqana.
 10628 | D:9      | Found a runed translucent gate.
 10628 | D:9      | Found a runed translucent gate.
 10628 | D:9      | Found a runed translucent gate.
 10629 | D:9      | Noticed a ten-headed hydra
 10629 | D:9      | Noticed leoleoleoleo212121's ghost (journeyman DjIE)
 10725 | D:9      | Noticed a cyclops
 10729 | D:9      | Killed a cyclops
 10788 | D:9      | Found a glowing golden altar of the Shining One.
 10833 | D:9      | Found a shadowy altar of Dithmenos.
 10838 | D:9      | Found a snail-covered altar of Cheibriados.
 10893 | Lair:1   | Entered Level 1 of the Lair of Beasts
 10896 | Lair:1   | Noticed a cane toad
 10903 | Lair:1   | Killed a cane toad
 10904 | Lair:1   | Reached XP level 11. HP: 100/100 MP: 10/10
 10941 | Lair:1   | Found a gate leading to a gauntlet.
 10946 | Lair:1   | Reached skill level 5 in Evocations
 10984 | Gauntlet | Entered a Gauntlet
 10984 | Gauntlet | Noticed a tengu warrior
 10984 | Gauntlet | Found a transporter.
 10984 | Gauntlet | Found a transporter.
 11005 | Gauntlet | Found a transporter.
 11006 | Gauntlet | Found a transporter.
 11017 | Gauntlet | Found a transporter.
 11018 | Gauntlet | Found a transporter.
 11028 | Gauntlet | Found a transporter.
 11047 | Gauntlet | Found a transporter.
 11050 | Gauntlet | Found a transporter.
 11053 | Gauntlet | Found a transporter.
 11055 | Gauntlet | Found a runed translucent gate.
 11055 | Gauntlet | Found a runed translucent gate.
 11055 | Gauntlet | Found a runed translucent gate.
 11061 | Gauntlet | Found a transporter.
 11064 | Gauntlet | Found a transporter.
 11115 | Gauntlet | Noticed a catoblepas
 11345 | Gauntlet | Identified the ring of Jad Fywkyly {Fire rN+ Str-2 Int+8
                  | Dex-5}
 11452 | Gauntlet | Found the +0 toga "Victory" {*Victory Clar}
 11452 | Gauntlet | Identified the +1 halberd of Honour {heavy, rPois Will-
                  | Dex+6}
 11452 | Gauntlet | Identified the amulet "Dionn" {RegenMP rPois Will++ Regen+
                  | Slay+3}
 11452 | Gauntlet | Noticed a minotaur
 11458 | Gauntlet | Killed a minotaur
 11546 | Lair:1   | Found a runed translucent gate.
 11978 | Lair:1   | Noticed Tang's ghost (journeyman VSBr)
 11981 | Lair:1   | Found a runed translucent gate.
 11981 | Lair:1   | Found a runed translucent gate.
 12137 | Lair:1   | Found a sparkling altar of Nemelex Xobeh.
 12798 | Lair:2   | Found a staircase to the Swamp.
 13232 | Lair:2   | Noticed a five-headed hydra
 13238 | Lair:2   | Killed a five-headed hydra
 13559 | Lair:3   | Reached XP level 12. HP: 110/110 MP: 11/11
 13835 | Lair:3   | Found a hole to the Spider Nest.
 14729 | Lair:4   | Noticed a death yak
 14729 | Lair:4   | Noticed a death yak
 14734 | Lair:4   | Noticed a death yak
 14746 | Lair:4   | Killed a death yak
 14773 | Lair:4   | Killed a death yak
 14776 | Lair:4   | Noticed a death yak
 14779 | Lair:4   | Noticed a death yak
 14791 | Lair:4   | Noticed a death yak
 14794 | Lair:4   | Killed a death yak
 14798 | Lair:4   | Killed a death yak
 14802 | Lair:4   | Killed a death yak
 14809 | Lair:4   | Killed a death yak
 15109 | Lair:4   | Found a staircase to the Slime Pits.
 15133 | Lair:4   | Identified the +1 robe of Uskayaw's Castigation {Drain +Inv
                  | rElec rCorr Stlth+}
 15318 | Lair:4   | Reached skill level 15 in Armour
 15539 | Lair:5   | Entered Level 5 of the Lair of Beasts
 15935 | Lair:5   | Reached XP level 13. HP: 110/122 MP: 12/12
 16183 | Lair:5   | Reached skill level 5 in Throwing
 16488 | Lair:5   | Received a gift from Trog
 16872 | Lair:5   | Reached skill level 15 in Fighting
 17036 | Lair:5   | Found a corrupted altar of Lugonu.
 17036 | Lair:5   | Found a one-way gate to the infinite horrors of the Abyss.
 17036 | Lair:5   | Found the +3 Elemental Staff {rElec rF+ rC+ AC+3}
 17400 | D:6      | Killed Crazy Yiuf
 17598 | Lair:1   | Killed Tang's ghost
 17711 | D:10     | Entered Level 10 of the Dungeon
 17712 | D:10     | Noticed Fannar
 17814 | D:10     | Found a flagged portal.
 17833 | Bailey   | Entered a bailey
 18881 | D:10     | Noticed Erica
 18899 | D:10     | Killed Erica
 19128 | D:10     | Killed Fannar
 19198 | D:11     | Noticed Psyche
 19206 | D:11     | Killed Psyche
 19257 | D:11     | Found a stormy altar of Qazlal.
 19406 | D:11     | Reached ****** piety under Trog
 19745 | D:12     | Received a gift from Trog
 19899 | D:12     | Noticed porpoise's ghost (journeyman DsGl)
 20077 | D:12     | Found a transporter.
 20086 | D:12     | Found a transporter.
 20164 | D:12     | Reached XP level 14. HP: 135/135 MP: 13/13
 20432 | D:12     | Found a staircase to the Orcish Mines.
 20755 | D:13     | Reached skill level 10 in Shields
 20865 | D:13     | Found a frozen archway.
 20927 | IceCv    | Entered an ice cave
 21293 | IceCv    | Received a gift from Trog
 21311 | IceCv    | Got the ring "Myibluva" {Ice *Slow Int+3}
 21798 | IceCv    | Found a viscous altar of Jiyva.
 21798 | IceCv    | Noticed an azure jelly
 21811 | IceCv    | Killed an azure jelly
 21934 | IceCv    | Got the ring "Fatuock" {Ice Str+2}
 22333 | D:13     | Noticed Frances
 22502 | D:13     | Killed Frances
 22998 | D:13     | Found a gate to the Vaults.
 23386 | D:14     | Noticed Jorgrun
 23392 | D:14     | Killed Jorgrun
 23605 | D:14     | Found Wesorph's Book Shoppe.
 23709 | D:14     | Identified the +0 halberd of Pofodghemn {heavy, Stlth+}
 23731 | D:14     | Reached XP level 15. HP: 145/145 MP: 14/14
 24024 | D:9      | Killed leoleoleoleo212121's ghost
 24122 | Orc:1    | Entered Level 1 of the Orcish Mines
 24585 | Orc:1    | Found a runed translucent door.
 24585 | Orc:1    | Noticed comborobin's ghost (journeyman GrDe)
 24717 | Orc:1    | Killed comborobin's ghost
 24756 | Orc:2    | Entered Level 2 of the Orcish Mines
 24768 | Orc:2    | Found Yramineo's Book Emporium.
 24798 | Orc:1    | Received a gift from Trog
 25427 | Orc:2    | Found a staircase to the Elven Halls.
 25556 | Orc:2    | Received a gift from Trog
 25704 | Orc:2    | Found Iroafua's Distillery.
 25704 | Orc:2    | Found Laaj's General Store.
 25704 | Orc:2    | Found Mioh's Distillery.
 25708 | Orc:2    | Found Weis's Magic Scroll Emporium.
 25878 | Orc:2    | Bought a potion of attraction for 36 gold pieces
 25878 | Orc:2    | Bought a potion of might for 48 gold pieces
 25878 | Orc:2    | Bought 2 potions of resistance for 240 gold pieces
 25878 | Orc:2    | Bought a potion of resistance for 120 gold pieces
 25879 | Orc:2    | Bought a scroll of enchant weapon for 112 gold pieces
 25879 | Orc:2    | Bought a scroll of magic mapping for 112 gold pieces
 25879 | Orc:2    | Bought a scroll of enchant armour for 112 gold pieces
 25879 | Orc:2    | Bought a scroll of fear for 60 gold pieces
 25880 | Orc:2    | Bought a potion of might for 48 gold pieces
 25880 | Orc:2    | Bought a potion of invisibility for 96 gold pieces
 25880 | Orc:2    | Bought a potion of might for 48 gold pieces
 25880 | Orc:2    | Bought a potion of haste for 120 gold pieces
 25881 | Orc:2    | Bought a box of beasts for 520 gold pieces
 25881 | Orc:2    | Bought a potion of heal wounds for 65 gold pieces
 25881 | Orc:2    | Bought a +1 hat of intelligence for 208 gold pieces
 26124 | Spider:1 | Entered Level 1 of the Spider Nest
 27034 | Spider:1 | Noticed an emperor scorpion
 27051 | Spider:1 | Killed an emperor scorpion
 27388 | Spider:1 | Received a gift from Trog
 28014 | Spider:2 | Reached XP level 16. HP: 157/157 MP: 15/15
 28474 | Spider:3 | Received a gift from Trog
 28489 | Spider:3 | Noticed Arachne
 28501 | Spider:3 | Killed Arachne
 28502 | Spider:3 | Reached skill level 10 in Evocations
 29026 | Spider:4 | Entered Level 4 of the Spider Nest
 29502 | Spider:4 | Noticed Bai Suzhen
 29513 | Spider:4 | Killed Bai Suzhen
 30249 | Spider:4 | Received a gift from Trog
 30276 | Spider:4 | Got a gossamer rune of Zot
 30598 | Swamp:1  | Entered Level 1 of the Swamp
 30660 | Swamp:1  | Reached XP level 17. HP: 124/170 MP: 16/16
 30663 | Swamp:1  | Reached skill level 15 in Shields
 31270 | Swamp:2  | Identified the +3 ring mail of Ripriugo {+Inv rF+ rN+
                  | Will+}
 31601 | Swamp:2  | Noticed Kirke
 31609 | Swamp:2  | Killed Kirke
 31735 | Swamp:2  | Identified the ring "Ohapn" {rN+ Int+6}
 32042 | Swamp:3  | Received a gift from Trog
 32383 | Swamp:3  | Reached skill level 15 in Maces & Flails
 32465 | Swamp:4  | Entered Level 4 of the Swamp
 32639 | Swamp:4  | Noticed Mlioglotl
 32650 | Swamp:4  | Killed Mlioglotl
 32819 | Swamp:4  | Reached skill level 5 in Dodging
 32906 | Swamp:4  | Received a gift from Trog
 33537 | Swamp:4  | Got a decaying rune of Zot
 33842 | Vaults:1 | Entered Level 1 of the Vaults
 33977 | Vaults:1 | Reached XP level 18. HP: 153/178 MP: 17/17
 34867 | Vaults:1 | Received a gift from Trog
 35389 | Vaults:1 | Found the +3 robe of Clouds {*Thunder rCloud rElec}
 36411 | Vaults:2 | Found a crumbling gateway.
 36436 | Desolati | Entered the Desolation of Salt
 36596 | Desolati | Received a gift from Trog
 36699 | Desolati | Reached XP level 19. HP: 191/191 MP: 18/18
 36822 | Desolati | Identified the +8 dagger of Harmony {speed, rC+ Str-4
                  | Dex+2}
 36823 | Desolati | Identified the +7 mace "Woyruikh" {freeze, rN+}
 37250 | Desolati | Received a gift from Trog
 37273 | Desolati | Found the +10 tower shield of Ignorance {rN+ Int-4}
 37286 | Desolati | Identified the staff of conjuration "Orijut" {rN+ Int+2}
 37287 | Desolati | Identified the +1 robe of Springtime {Dex+4}
 37464 | Desolati | Identified the ring "Oli Esir" {*Slow rElec Int+2 Dex+6}
 37734 | Vaults:2 | Received a gift from Trog
 38583 | Vaults:2 | Received a gift from Trog
 39032 | Vaults:2 | Found a staircase to the Crypt.
 39229 | Vaults:2 | Reached XP level 20. HP: 197/200 MP: 19/19
 39869 | Vaults:3 | Received a gift from Trog
 39997 | Vaults:3 | You fall into a shaft and drop 1 floor!
 40204 | Vaults:4 | Reached skill level 15 in Evocations
 40440 | Vaults:4 | Received a gift from Trog
 40580 | Vaults:4 | Identified the +4 glaive of Zuinges {spect, rElec}
 40650 | Vaults:3 | Found Loittu's Weapon Shop.
 40723 | Vaults:3 | Reached skill level 10 in Dodging
 40867 | Vaults:3 | Noticed Margery
 40883 | Vaults:3 | Killed Margery
 40989 | Vaults:3 | Found a transporter.
 41032 | Vaults:3 | Found a transporter.
 41446 | Vaults:4 | Received a gift from Trog
 41547 | Vaults:4 | Identified the staff of fire "Puaceiso" {rPois rF+ MP+9
                  | Dex-5}
 41675 | Vaults:4 | Found a runed translucent gate.
 41675 | Vaults:4 | Found a runed translucent gate.
 41675 | Vaults:4 | Found an ancient bone altar of Kikubaaqudgha.
 41675 | Vaults:4 | Found a runed translucent gate.
 41675 | Vaults:4 | Noticed a dread lich
 41675 | Vaults:4 | Noticed a dread lich
 41676 | Vaults:4 | Noticed jlumianski's ghost (veteran KoBe)
 41934 | D:15     | Entered Level 15 of the Dungeon
 41950 | D:15     | Found a transporter.
 41963 | D:15     | Noticed Jiecrehi's ghost (journeyman DDFi)
 41968 | D:15     | Found a transporter.
 42025 | D:15     | Noticed Louise
 42050 | D:15     | Killed Louise
 42093 | D:15     | Found a transporter.
 42094 | D:15     | Found a transporter.
 42095 | D:15     | Found a transporter.
 42120 | D:15     | Found a transporter.
 42380 | D:15     | Reached XP level 21. HP: 205/211 MP: 20/20
 42489 | D:15     | Found a sacrificial altar of Ru.
 42668 | D:15     | Found a staircase to the Depths.
 42757 | D:15     | Killed Jiecrehi's ghost
 42908 | Orc:2    | Bought a potion of cancellation for 96 gold pieces
 42910 | Orc:2    | Bought a potion of cancellation for 96 gold pieces
 42910 | Orc:2    | Bought a potion of curing for 36 gold pieces
 42931 | Elf:1    | Entered Level 1 of the Elven Halls
 43053 | Elf:1    | Received a gift from Trog
 43224 | Elf:1    | Found Carople's Antique Weapon Shop.
 43864 | Elf:2    | Found an ancient bone altar of Kikubaaqudgha.
 43879 | Elf:2    | Found Lanlos's Book Shop.
 43926 | Elf:2    | Found Xyeret's Distillery.
 43939 | Elf:2    | Found Zemen's Antique Armour Emporium.
 43984 | Elf:2    | Found Acwatuof's Assorted Antiques.
 43995 | Elf:2    | Bought 2 scrolls of blinking for 540 gold pieces
 44056 | Elf:2    | Found a runed translucent gate.
 44057 | Elf:2    | Found a runed translucent gate.
 44057 | Elf:2    | Found a runed translucent gate.
 44085 | Elf:2    | Found Zuankud's Distillery.
 44090 | Elf:2    | Bought a potion of heal wounds for 90 gold pieces
 44134 | Elf:2    | Received a gift from Trog
 44216 | Elf:2    | Paralysed by an air elemental for 1 turns
 44734 | Elf:3    | Entered Level 3 of the Elven Halls
 44750 | Elf:3    | Found Horatopn's General Store.
 44809 | Elf:3    | Bought a potion of heal wounds for 85 gold pieces
 44930 | Elf:3    | Found a shimmering blue altar of Sif Muna.
 45049 | Elf:3    | Received a gift from Trog
 45149 | Elf:3    | Noticed Aizul
 45162 | Elf:3    | Killed Aizul
 45253 | Elf:3    | Found a runed translucent gate.
 45253 | Elf:3    | Found a runed translucent gate.
 45253 | Elf:3    | Found a runed translucent gate.
 45254 | Elf:3    | Noticed kelmen2's ghost (adept MiBe)
 45642 | Elf:3    | Reached skill level 15 in Dodging
 45918 | Elf:3    | Received a gift from Trog
 45973 | Elf:3    | Identified the amulet "Xedanei" {Faith rN++ Int-2}
 45974 | Elf:3    | Identified the staff of fire "Ugharea" {rF+ rC- rN+ rCorr}
 46069 | Elf:3    | Identified the ring of Xom's Full Attention {rElec rPois
                  | rC+ rCorr Dex+6}
 46090 | Elf:3    | Identified the +2 pair of gloves "Pulebb" {rPois rC+
                  | Slay+2}
 46109 | Elf:3    | Identified the staff of earth "Ihukun" {rPois rN+ rCorr}
 46150 | Elf:3    | Identified the staff of air "Luubuosi" {rElec rC+ rN+}
 46202 | Elf:3    | Identified the staff of air "Vuca Tyu" {rElec rCorr}
 46364 | Elf:3    | Killed kelmen2's ghost
 46365 | Elf:3    | Reached XP level 22. HP: 222/226 MP: 7/21
 46476 | Elf:3    | Identified the +1 hat of Zin's Generosity {rElec Will+
                  | Int+4}
 46742 | Crypt:1  | Entered Level 1 of the Crypt
 46790 | Crypt:1  | Found a transporter.
 47050 | Crypt:1  | Identified the +7 trident "Yheutowk" {antimagic, Str+3
                  | Dex+3}
 47117 | Crypt:1  | Found a transporter.
 47295 | Crypt:1  | Received a gift from Trog
 48314 | Crypt:2  | Received a gift from Trog
 48318 | Crypt:2  | Noticed a dread lich
 48320 | Crypt:2  | Noticed a dread lich
 48321 | Crypt:2  | Noticed a dread lich
 48341 | Crypt:2  | Killed a dread lich
 48343 | Crypt:2  | Killed a dread lich
 48351 | Crypt:2  | Killed a dread lich
 48394 | Crypt:2  | Found the +6 Majin-Bo {spellvamp, MP+6 Int+6}
 48826 | Crypt:3  | Entered Level 3 of the Crypt
 48836 | Crypt:3  | Noticed Sojobo
 48850 | Crypt:3  | Paralysed by an air elemental for 1 turns
 48862 | Crypt:3  | Killed Sojobo
 49176 | Crypt:3  | Received a gift from Trog
 49331 | Crypt:3  | Reached XP level 23. HP: 234/234 MP: 7/22
 49571 | Crypt:3  | Noticed a royal mummy
 49571 | Crypt:3  | Noticed Khufu
 49638 | Crypt:3  | Killed Khufu
 49646 | Crypt:3  | Killed a royal mummy
 49908 | Crypt:3  | Received a gift from Trog
 49966 | Crypt:3  | Identified the +6 rapier of Causality {vamp, rF- rN+ Dex+6}
 50067 | Crypt:3  | Found a staircase to the Tomb.
 50268 | Crypt:3  | Reached skill level 10 in Throwing
 50276 | Crypt:3  | Noticed a curse toe
 50283 | Crypt:3  | Killed a curse toe
 50307 | Crypt:3  | Identified the ring "Tebyimeg" {+Blink rF+ rN+ Dex+3}
 50386 | Crypt:3  | Found a basalt altar of Yredelemnul.
 50389 | Crypt:3  | Identified the amulet "Gyckyl" {Fragile +Blink Regen+ Str+5
                  | Int+3}
 50389 | Crypt:3  | Identified the ring of Fedhas's Displeasure {Drain rN+ MP+9
                  | Int+3}
 50391 | Crypt:3  | Found an ancient bone altar of Kikubaaqudgha.
 50440 | Crypt:3  | Identified the staff of conjuration "Himmus" {rF+}
 50462 | Crypt:3  | Identified the +10 trident of Citelaimmu {heavy, rElec
                  | rPois rC+}
 50733 | Crypt:1  | Noticed a dread lich
 51005 | Vaults:3 | Paralysed by a Zot trap for 4 turns
 51042 | Vaults:3 | Identified the ring "Cufiv" {rPois rF+ rC- Str+6 SInv}
 51056 | Vaults:3 | Identified the ring "Tueg" {Ice Int+3}
 51294 | Vaults:4 | Killed a dread lich
 51361 | Vaults:4 | Killed jlumianski's ghost
 51465 | Vaults:4 | Identified the ring of Ysilon {Str+6 Dex+2}
 51468 | Vaults:4 | Identified the +3 helmet of Ruuchok {Harm Str-3 Dex+2 SInv}
 51750 | Vaults:4 | Killed a dread lich
 52674 | Slime:1  | Entered Level 1 of the Pits of Slime
 52819 | Slime:2  | Received a gift from Trog
 53070 | Slime:5  | Entered Level 5 of the Pits of Slime
 53271 | Slime:5  | Reached skill level 27 in Fighting
 53438 | Slime:4  | Received a gift from Trog
 53439 | Slime:4  | Reached XP level 24. HP: 225/249 MP: 7/22
 53673 | Slime:5  | Noticed the Royal Jelly
 53729 | Slime:5  | Found a viscous altar of Jiyva.
 53729 | Slime:5  | Found the +3 pair of gauntlets of War {Slay+5}
 53758 | Slime:5  | Killed the Royal Jelly
 53806 | Slime:5  | Identified the amulet of Miru {Contam Regen+ Str+4 SInv}
 53813 | Slime:5  | Identified the ring "Miorghatsu" {rC+ Int+6 Dex+3}
 53890 | Slime:5  | Identified the +0 robe of Mutam {+Blink rF+}
 53916 | Slime:5  | Got a slimy rune of Zot
 53930 | Slime:5  | Identified the ring of Rapampa {Wiz rF+}
 53944 | Slime:5  | Identified the +7 dagger of Temp {drain, Fly rPois Dex+2}
 54374 | Elf:2    | Bought a potion of attraction for 33 gold pieces
 54374 | Elf:2    | Bought a potion of resistance for 110 gold pieces
 54374 | Elf:2    | Bought a potion of resistance for 110 gold pieces
 54491 | Orc:2    | Bought a potion of lignification for 36 gold pieces
 54493 | Orc:2    | Bought a potion of lignification for 36 gold pieces
 54493 | Orc:2    | Bought a potion of lignification for 36 gold pieces
 54493 | Orc:2    | Bought a potion of berserk rage for 60 gold pieces
 54596 | Elf:2    | Bought a potion of attraction for 54 gold pieces
 54596 | Elf:2    | Bought 2 potions of lignification for 108 gold pieces
 54698 | Orc:2    | Bought a scroll of fear for 60 gold pieces
 54787 | Elf:2    | Bought a scroll of fear for 144 gold pieces
 55001 | D:7      | Bought a lightning rod (4/4) for 750 gold pieces
 55203 | Depths:1 | Entered Level 1 of the Depths
 55203 | Depths:1 | Noticed Nikola
 55215 | Depths:1 | Noticed Saint Roka
 55217 | Depths:1 | Killed Nikola
 55242 | Depths:1 | Killed Saint Roka
 55260 | Depths:1 | Found a magical portal.
 55292 | WizLab   | Entered Maxwell's Workshop
 55441 | WizLab   | Identified the ring of Seotitai {Ice rN+}
 55578 | WizLab   | Identified the +3 spear of Prescription {venom, rPois rF+
                  | Str-4}
 55655 | WizLab   | Received a gift from Trog
 55834 | WizLab   | Found the +15 Maxwell's patent armour {-Cast -Tele rElec
                  | Will+ rCorr}
 55849 | WizLab   | Identified the ring "Lilisais" {Fire Int+4 Slay+3}
 55888 | WizLab   | Identified the +1 helmet "Nayduk" {*Slow Will++ Slay+4
                  | Stlth+}
 55899 | WizLab   | Identified the ring "Taitreme" {Ice rPois}
 55900 | WizLab   | Identified the ring "Heffo" {Fire Fly}
 56406 | Depths:1 | Reached skill level 15 in Throwing
 56438 | Depths:1 | Found a gateway to Hell.
 56563 | Depths:1 | Noticed a juggernaut
 56581 | Depths:1 | Killed a juggernaut
 56639 | Depths:1 | Noticed the Enchantress
 56665 | Depths:1 | Killed the Enchantress
 56852 | Depths:2 | Found a one-way gate leading to the halls of Pandemonium.
 56855 | Depths:2 | Found a one-way gateway to a ziggurat.
 57200 | Depths:2 | Identified the +6 scale mail of Xojiduw {Rampage Dex+2
                  | Stlth+}
 57429 | Depths:2 | Found a shimmering blue altar of Sif Muna.
 57571 | Depths:2 | Received a gift from Trog
 58233 | Depths:3 | Found Jyino's Book Emporium.
 58233 | Depths:3 | Found Muityraosh's Jewellery Shop.
 58234 | Depths:3 | Found Uhoewul's Jewellery Shop.
 58283 | Depths:3 | Found a portal to a secret trove of treasure.
 58337 | Depths:3 | Reached XP level 25. HP: 257/257 MP: 7/22
 58387 | Depths:3 | Noticed Mennas
 58405 | Depths:3 | Killed Mennas
 58875 | Depths:4 | Entered Level 4 of the Depths
 58890 | Depths:3 | Received a gift from Trog
 59054 | Depths:4 | Paralysed by a floating eye for 4 turns
 59231 | Depths:4 | Gained mutation: Your spells are a little easier to cast,
                  | but a little less powerful. [a neqoxec]
 59941 | Depths:4 | Found a gate to the Realm of Zot.
 60108 | Depths:3 | Bought the ring "Atuijupt" {Fly Str+3} for 616 gold pieces
 60152 | Zot:1    | Entered Level 1 of the Realm of Zot
 60213 | Zot:1    | Received a gift from Trog
 60692 | Zot:1    | Noticed an orb of fire
 60694 | Zot:1    | Gained mutation: Armour fits poorly on your strangely
                  | shaped body. [an orb of fire]
 60702 | Zot:1    | Killed an orb of fire
 60704 | Zot:1    | Lost mutation: Armour fits poorly on your strangely shaped
                  | body. [potion of mutation]
 60704 | Zot:1    | Lost mutation: Your spells are a little easier to cast, but
                  | a little less powerful. [potion of mutation]
 60704 | Zot:1    | Gained mutation: Your flesh is heat resistant. (rF+)
                  | [potion of mutation]
 60704 | Zot:1    | Gained mutation: You have a somewhat thin skeletal
                  | structure. (Dex +2, Stealth+) [potion of mutation]
 61374 | Zot:2    | Received a gift from Trog
 61557 | Zot:2    | Reached skill level 27 in Shields
 62356 | Zot:3    | Reached XP level 26. HP: 266/266 MP: 22/22
 62521 | Zot:3    | Gained mutation: You have hidden genetic defects.
                  | [mutagenic glow]
 62534 | Zot:3    | Found the +4 dragonskin cloak
 62534 | Zot:3    | Noticed Tiamat
 62575 | Zot:3    | Killed Tiamat
 62991 | Zot:3    | Received a gift from Trog
 63340 | Zot:3    | Gained mutation: Your body sometimes deteriorates upon
                  | taking damage. [hidden defects]
 63341 | Zot:3    | Lost mutation: Your flesh is heat resistant. (rF+) [potion
                  | of mutation]
 63341 | Zot:3    | Lost mutation: You have a somewhat thin skeletal structure.
                  | (Dex +2, Stealth+) [potion of mutation]
 63341 | Zot:3    | Lost mutation: Your body sometimes deteriorates upon taking
                  | damage. [potion of mutation]
 63341 | Zot:3    | Gained mutation: You occasionally shout uncontrollably at
                  | your foes. [potion of mutation]
 63341 | Zot:3    | Gained mutation: You frequently scream uncontrollably at
                  | your foes. [potion of mutation]
 63341 | Zot:3    | Gained mutation: You have a somewhat thin skeletal
                  | structure. (Dex +2, Stealth+) [potion of mutation]
 63342 | Zot:3    | Lost mutation: You have hidden genetic defects. [potion of
                  | mutation]
 63342 | Zot:3    | Lost mutation: You frequently scream uncontrollably at your
                  | foes. [potion of mutation]
 63342 | Zot:3    | Gained mutation: You occasionally lose the ability to read
                  | scrolls when taking damage. [potion of mutation]
 63342 | Zot:3    | Gained mutation: You frequently scream uncontrollably at
                  | your foes. [potion of mutation]
 63342 | Zot:3    | Gained mutation: You passively map a small area around you.
                  | [potion of mutation]
 63343 | Zot:3    | Lost mutation: You have a somewhat thin skeletal structure.
                  | (Dex +2, Stealth+) [potion of mutation]
 63343 | Zot:3    | Lost mutation: You passively map a small area around you.
                  | [potion of mutation]
 63343 | Zot:3    | Gained mutation: You are partially covered in iridescent
                  | scales. (AC +2) [potion of mutation]
 63344 | Zot:3    | Lost mutation: You occasionally lose the ability to read
                  | scrolls when taking damage. [potion of mutation]
 63344 | Zot:3    | Lost mutation: You frequently scream uncontrollably at your
                  | foes. [potion of mutation]
 63344 | Zot:3    | Gained mutation: Your movements are slightly less
                  | encumbered by armour. (ER -2) [potion of mutation]
 64061 | Zot:5    | Entered Level 5 of the Realm of Zot
 64287 | Zot:5    | Received a gift from Trog
 64488 | Zot:5    | Noticed an ancient lich
 64505 | Zot:5    | Killed an ancient lich
 64684 | Zot:5    | Noticed an orb of fire
 64701 | Zot:5    | Noticed an ancient lich
 64702 | Zot:5    | Killed an orb of fire
 64716 | Zot:5    | Killed an ancient lich
 64855 | Zot:5    | Reached skill level 27 in Armour
 64955 | Zot:5    | Reached XP level 27. HP: 273/273 MP: 7/22
 65075 | Zot:5    | Noticed an orb of fire
 65093 | Zot:5    | Killed an orb of fire
 65343 | Zot:5    | Got the Orb of Zot
 65580 | D:12     | Received a gift from Trog
 65762 | D:$      | Escaped with the Orb!

Illustrated notes

Levels and vault maps discovered:
D:1:      dpeg_arrival_simpleton_a, layout_loops_ring, st_stairs_10,
          minmay_pentomino_w4
D:2:      layout_basic
D:3:      lemuel_castle_with_subvaults [lemuel_castle_interior_carwin_2],
          layout_basic, mainiacjoe_overflow_chevrons,
          mainiacjoe_overflow_boulevard, nicolae_goblin_pals
D:4:      layout_gridville, uniq_pikel, uniq_blork_the_orc, uniq_eustachio,
          uniq_edmund
D:5:      minmay_general_purpose_star, layout_basic, kiku_gazebo_garden_becter
D:6:      layout_loops_ring, nicolae_ashenzari_panopticon,
          minmay_temple_entry_fiery, kennysheep_decorative_pillar,
          minmay_three_doors, uniq_crazy_yiuf_cottage
D:7:      layout_rooms, serial_shops, shop
D:8:      layout_basic, mainiacjoe_overflow_catwalk_spiral,
          hellmonk_lair_entry_icy, st_stairs_5
D:9:      layout_irregular_city, mainiacjoe_overflow_big_doors,
          mainiacjoe_overflow_24_doors, gammafunk_ghost_hydra_chop
D:10:     layout_gridville, enter_bailey_4, uniq_erica, uniq_fannar
D:11:     layout_rooms, minmay_misc_feat_nine_boxes,
          nicolae_qazlal_scattered_showers, uniq_psyche
D:12:     layout_basic, david_orc_1_choice, gammafunk_ghost_abyssal_escape
D:13:     layout_irregular_city, grunt_vaults_entry_fortified,
          portal_ice_cave_entry_ice_simulacra, uniq_frances
D:14:     layout_roguey, chequers_serial_rivers_micro_c, serial_shops,
          nicolae_shop_tiny_glass, uniq_jorgrun
D:15:     gammafunk_enter_depths_forms, layout_cave_pools,
          gammafunk_ghost_smash, nicolae_ru_path_of_blood,
          nicolae_diode_quadrants, uniq_louise
Lair:1:   layout_long_grid, gammafunk_ghost_split, gauntlet_entry_generic,
          lemuel_centaur_altar
Lair:2:   layout_cave_pods, swamp_mist, serial_forest,
          infiniplex_forest_clump_double, infiniplex_forest_straight_4,
          infiniplex_forest_lined_room_3, infiniplex_forest_clump_curved,
          infiniplex_forest_clump_curved, infiniplex_forest_end_2,
          infiniplex_forest_straight_3
Lair:3:   layout_cave_pods, spider_nest_entry_webs, beast_lair_carwin_6,
          lemuel_fruit_fields
Lair:4:   layout_gridlike, minmay_slime_entry_pillars, grunt_megastairs_4
Lair:5:   hellmonk_lair_end_abyssal_woods, layout_regular_city,
          lemuel_fruit_fields
Swamp:1:  layout_falls_marsh, hangedman_swamp_blocks, swamp_pool1,
          nicolae_swamp_spriggan_camp, infiniplex_staircase_pool_2
Swamp:2:  layout_basic_swamp, evilmike_swamp_ruin_house_1, swamp_pool2,
          uniq_kirke
Swamp:3:  layout_basic_swamp, evilmike_swamp_ruin_house_4, swamp_pool5
Swamp:4:  swamp, layout_basic_swamp, uniq_mlioglotl
Spider:1: layout_spider_delve, nicolae_spider_checkerboard
Spider:2: layout_spider_delve
Spider:3: layout_spider_delve, nicolae_spider_webbed_stairs, uniq_arachne
Spider:4: spider_rune_water, nicolae_spider_twisty_arc_passages, uniq_bai_suzhen
Slime:1:  layout_caves, cheibrodos_slime_lost_civilization_5
Slime:2:  layout_caves, cheibrodos_slime_lost_civilization_4
Slime:3:  layout_caves
Slime:4:  layout_caves, special_room [special_room_jelly]
Slime:5
Orc:1:    nicolae_orc_accident_1, layout_caves, ebering_ghost_inner_flame,
          mines_bat_river
Orc:2:    st_orc_mages, layout_caves, serial_shops, nicolae_diamond_shop,
          nicolae_orc_lava_room
Elf:1:    minmay_elf_arrival_circle, layout_onion_city, serial_shops,
          nicolae_shop_stone
Elf:2:    nicolae_elf_blades_crystal_corner, layout_geoelf_grid, basic_altar,
          serial_shops, nicolae_shop_window_shopping,
          nicolae_shop_back_alley_shop, nicolae_shop_dealshenge, shop,
          nicolae_shop_industrial_runoff
Elf:3:    minmay_elf_hall, layout_loops_cross, gammafunk_ghost_tricky_traps,
          serial_shops, shop, nicolae_elf_m_pinch, hangedman_summoners_spam,
          uniq_aizul
Vaults:1: nicolae_vaults_rhombus_6, nicolae_vaults_arrows,
          hangedman_vaults_restitches, nicolae_vaults_security_offices_6,
          nicolae_vaults_mini_display_case, nicolae_vaults_ellipses_ellipsis,
          nicolae_vaults_diagonal_hallway_9, nicolae_vaults_closet_pinwheel_2,
          nicolae_vaults_stepped_doors, vaults_room_stairs_pillars, v_misc_22,
          v_misc_16, nicolae_vaults_tetromino_T_2, layout_vaults_maze
Vaults:2: portal_desolation_entry_salt, v_misc_5, vaults_standard_mumra_lines,
          minmay_crypt_entry_simple_walls, nicolae_vaults_surprise_closet,
          vaults_room_door_hall, nicolae_vaults_trapezoid_lopsided_1,
          nicolae_vaults_network_periphery, nicolae_vaults_library_corner,
          hangedman_vaults_trim, layout_vaults_omnigrid
Vaults:3: gammafunk_its_a_trap, hangedman_vaults_maws, grunt_vaults_swirl,
          hangedman_vaults_snaps, v_misc_18, grunt_vaults_hallway_short,
          nicolae_vaults_surprise_closet, nicolae_vaults_network_star,
          ontoclasm_vaults_shuriken, vaults_room_octagon,
          nicolae_vaults_trapezoid_lopsided_4, ontoclasm_vaults_ring_large,
          layout_vaults_omnibox, serial_shops, nicolae_shop_statue_plus,
          uniq_margery
Vaults:4: gammafunk_ghost_crypt, nicolae_vaults_diamond_1,
          nicolae_vaults_wrenched, nicolae_vaults_antechamber_and_loot_room,
          nicolae_vaults_big_ls, nicolae_vaults_trapezoid_lopsided_1,
          hangedman_vaults_locks, nicolae_vaults_wine_cellar,
          nicolae_vaults_more_shelving_1, vaults_room_pool,
          layout_vaults_big_room
Crypt:1:  gammafunk_dig_for_victory, layout_chaotic_city,
          chequers_hall_statues_y
Crypt:2:  minmay_guarded_unrand_majin_bo, layout_misc_corridors
Crypt:3:  lightli_unholy_cathedral, layout_chaotic_city,
          tomb_entry_moat_badplayer, uniq_sojobo, uniq_khufu
Depths:1: minmay_two_paths, layout_cave_pools, abyss_entry,
          infiniplex_enter_wizlab_glasses, pf_hell_entry_great_geh,
          minmay_misc_feat_alley, kennysheep_potato, uniq_nikola,
          uniq_saint_roka, uniq_enchantress
Depths:2: minmay_shrinking_squares, layout_gridlike, enter_ziggurat_c,
          hangedman_tar_grid_catacomb, pan_entry, lemuel_blue_sif_altar
Depths:3: minmay_glassy_protrusions, layout_small_grid,
          hangedman_abyss_entry_splay, hell_entry, enter_trove_1,
          infiniplex_staircase_zigzag_4, minmay_shop_grove, uniq_mennas
Depths:4: grunt_x_marks_the_spot, layout_cave_shapes, hell_entry,
          chequers_serial_rivers_micro_d, rand_demon_pan_entry_3,
          nicolae_keep_em_comin
Zot:1:    layout_basic, st_stairs_8, lemuel_lake_of_fire
Zot:2:    layout_concentric_octagons, st_small_dragon_hoard_2,
          hangedman_zot_diagonal_lockstep
Zot:3:    grunt_zot_stairs_faceoff, layout_concentric_octagons, uniq_tiamat
Zot:4:    layout_onion_interference
Zot:5:    layout_gridville

Skill      XL: |  1  2  3  4  5  6  7  8  9 10 11 12 13 14 15 16 17 18 19 20 21 22 23 24 25 26 27 |
---------------+----------------------------------------------------------------------------------+-----
Fighting       | 4 5 6 7 8 9 10 11 13 15 16 18 20 21 22 23 25 27 | 27.0
Armour         | 3 4 5 7 9 10 12 15 16 17 18 19 20 22 24 27 | 27.0
Throwing       | 1 2 4 6 8 12 16 17 18 | 18.6
Evocations     | 1 2 4 5 6 9 10 12 14 15 16 17 | 17.1
Maces & Flails | 4 7 8 9 11 13 14 16 | 16.0
Shields        | 3 8 9 11 12 14 15 19 20 22 24 25 27 | 27.0
Dodging        | 5 13 15 17 19 21 | 21.1

Action                     |  1- 3 |  4- 6 |  7- 9 | 10-12 | 13-15 | 16-18 | 19-21 | 22-24 | 25-27 || total
---------------------------+-------+-------+-------+-------+-------+-------+-------+-------+-------++-------
  Melee: Mace              |    92 |    53 |       |       |       |       |       |       |       ||   145
         Headbutt          |    13 |     9 |    36 |    54 |   172 |   256 |   426 |   724 |   404 ||  2094
         Punch             |     1 |       |       |     3 |       |       |       |       |       ||     4
         Dire flail        |       |    15 |   232 |   237 |   877 |       |       |       |       ||  1361
         Shillelagh        |       |       |    10 |    69 |    26 |   869 |   763 |    38 |       ||  1775
         Demon whip        |       |       |       |       |       |    24 |       |       |   251 ||   275
         Morningstar       |       |       |       |       |       |    48 |   639 |  2107 |   873 ||  3667
  Throw: Stone             |    10 |     4 |     5 |    19 |       |       |       |       |       ||    38
         Dart              |     5 |     7 |    41 |    47 |    71 |     6 |     1 |       |       ||   178
         Boomerang         |     6 |     1 |    24 |    27 |    78 |    50 |    13 |    54 |    90 ||   343
         Javelin           |       |       |       |       |     7 |     9 |     7 |     7 |    23 ||    53
         Throwing net      |       |       |       |       |       |       |       |     1 |       ||     1
 Invoke: Trog's Hand       |     1 |     1 |     2 |       |     1 |     5 |     7 |     1 |       ||    18
         Berserk           |       |     2 |       |     1 |       |       |       |       |       ||     3
         Brothers in Arms  |       |       |       |     1 |     4 |     6 |     2 |     5 |     3 ||    21
Ability: Evoke Blink       |       |       |       |       |       |       |       |       |     2 ||     2
  Evoke: Wand              |       |    10 |    15 |    10 |    11 |    13 |     4 |     1 |    24 ||    88
         Phial of floods   |       |       |       |       |     1 |       |     2 |       |       ||     3
         Box of beasts     |       |       |       |       |     2 |     2 |       |     2 |     1 ||     7
         Condenser vane    |       |       |       |       |       |     1 |     2 |       |       ||     3
         Phantom mirror    |       |       |       |       |       |       |       |     1 |       ||     1
    Use: Scroll            |     3 |     5 |     4 |    16 |    14 |     8 |     4 |    17 |    18 ||    89
         Potion            |       |       |     2 |     2 |     1 |    14 |     5 |    21 |    21 ||    66
   Stab: Distracted        |       |       |       |       |     2 |       |       |     2 |     3 ||     7
         Held in net/web   |       |       |       |       |       |       |       |     1 |       ||     1
 Armour: Leather armour    |    19 |     9 |       |       |       |       |       |       |       ||    28
         Animal skin       |     2 |       |       |       |       |       |       |       |       ||     2
         Ring mail         |       |     6 |     7 |       |       |       |       |       |       ||    13
         Chain mail        |       |       |    61 |    42 |       |       |       |       |       ||   103
         Plate armour      |       |       |       |   102 |   745 |   494 |    54 |       |       ||  1395
         Gold dragon scale |       |       |       |       |       |       |   270 |   509 |   279 ||  1058
         Skin              |       |       |       |       |       |       |     3 |    36 |     3 ||    42
  Dodge: Dodged            |    42 |    35 |    81 |    96 |   376 |   273 |   183 |   366 |   306 ||  1758
  Block: Kite shield       |       |       |       |       |     4 |   507 |    58 |       |       ||   569
         Tower shield      |       |       |       |       |       |       |  1150 |  2205 |  1259 ||  4614
